 Dungeon Crawl Stone Soup version 0.27-a0-277-g024f7ef292 (webtiles) character file.

Game seed: 8488739926448433980

179 marklar909 the Cudgeller (level 5, 0/44 HPs)
             Began as a Palentonga Warper on Feb 7, 2021.
             Succumbed to an adder's poison
             ... on level 3 of the Dungeon.
             The game lasted 00:15:03 (4248 turns).

marklar909 the Cudgeller (Palentonga Warper)        Turns: 4248, Time: 00:15:04

Health: 0/44       AC:  4    Str: 15    XL:     5   Next: 32%
Magic:  5/8        EV:  9    Int: 14    God:
Gold:   97         SH:  2    Dex:  9    Spells: 6/8 levels left

rFire    . . .     SeeInvis +   a - +0 mace
rCold    . . .     Faith    .   f - +0 buckler
rNeg     . . .     Spirit   .   b - +0 leather armour
rPois    .         Reflect  .   (no helmet)
rElec    .         Harm     .   (no cloak)
rCorr    .         Rampage  .   (no gloves)
Will     .....                  (no barding)
Stlth    +.........             (no amulet)
HPRegen  0.14/turn              (no ring)
MPRegen  0.11/turn              (no ring)

@: lethally poisoned (0 -> -3)
A: large, rugged brown scales 3, see invisible, deformed body, roll 1, armoured
tail
a: Rolling Charge


You were on level 3 of the Dungeon.
You visited 1 branch of the dungeon, and saw 3 of its levels.

You collected 97 gold pieces.

Inventory:

Hand Weapons
 a - a +0 mace (weapon)
Missiles
 e - 28 stones
 n - 6 boomerangs (quivered)
 o - 4 javelins
Armour
 b - a +0 leather armour (worn)
 f - a +0 buckler (worn)
Jewellery
 c - an uncursed amulet of guardian spirit {unknown}
 g - an uncursed ring of protection from fire {unknown}
 h - a cursed ring of teleportation {unknown}
Scrolls
 d - 2 scrolls of blinking
 i - 2 scrolls of fog {unknown}
 j - 5 scrolls of identify {unknown}
 l - 3 scrolls of remove curse {unknown}
 m - a scroll of fear {unknown}


   Skills:
 + Level 2.6 Fighting
 + Level 3.3 Maces & Flails
 + Level 1.3 Throwing
 + Level 1.9 Armour
 + Level 2.3 Dodging
 + Level 2.3 Spellcasting
 + Level 3.2 Translocations


You had 6 spell levels left.
You knew the following spells:

 Your Spells              Type           Power        Failure   Level
a - Blink                 Tloc           N/A          19%         2

Your spell library contained the following spells:

 Spells                   Type           Power        Failure   Level
 Gell's Gravitas          Tloc           5%           36%         3
 Lesser Beckoning         Tloc           5%           36%         3
 Teleport Other           Tloc           10%          36%         3
 Passage of Golubria      Tloc           N/A          77%         4


Dungeon Overview and Level Annotations

Branches:
Dungeon (3/15)

Altars:


Innate Abilities, Weirdness & Mutations

You are completely covered in rugged brown scales. (AC +3, +7% HP)
You have supernaturally acute eyesight. (SInv)
Armour fits poorly on your strangely shaped body.
You can roll at nearby foes to attack.
You have a long armoured tail.


Message History

You tail-slap the adder, but do no damage.
You feel sick. The adder bites you but does no damage. The adder misses you.
You sock the adder!
The adder is almost dead.
The adder bites you but does no damage. The adder bites you.
* * * LOW HITPOINT WARNING * * *
You feel better. The adder bites you but does no damage.
You closely miss the adder.
The adder is almost dead.
The adder bites you.
* * * LOW HITPOINT WARNING * * *
You are poisoned.
The adder poisons you! The adder barely misses you.
You hit the adder.
You kill the adder!
You feel sick. The orc hits you with a +1 vorpal mace.
* * * LOW HITPOINT WARNING * * *
x2 Unknown command.
The orc closely misses you.
You die...

... .. #+# .. #.. .
.......#.# ###
.......#.# ..
.......#@# ###
#.....#.# #..
#.....#o#
.#######.#
#.....#g#
.........#
#####.....#.####.#
#####...#
...................
+....
#..........######
#...# #..........#
#...# #..........#
#...#


You could see an orc (fast) and a hobgoblin.

Vanquished Creatures
  4 gnolls
  7 adders
  A shadow imp (D:2)
  2 dart slugs
  2 leopard geckos
  2 orcs (D:3)
  8 bats
  A giant cockroach (D:2)
  8 hobgoblins
  6 jackals
  2 quokkas (D:3)
  5 frilled lizards
  6 goblins
  7 kobolds
  5 rats
66 creatures vanquished.

Notes
Turn   | Place    | Note
-------+----------+-------------------------------------------
     0 | D:1      | marklar909 the Palentonga Warper began the quest for the
                  | Orb.
     0 | D:1      | Reached XP level 1. HP: 18/18 MP: 3/3
   357 | D:1      | Reached XP level 2. HP: 23/25 MP: 5/5
   387 | D:1      | Learned a level 2 spell: Blink
   449 | D:1      | Reached skill level 1 in Armour
  1137 | D:2      | Reached XP level 3. HP: 27/31 MP: 6/6
  2270 | D:2      | Reached XP level 4. HP: 19/38 MP: 7/7
  2610 | D:2      | Reached skill level 1 in Throwing
  3741 | D:3      | Reached XP level 5. HP: 34/44 MP: 8/8
  4246 | D:3      | HP: 1/44 [orc/+1 vorpal mace (2)]
  4248 | D:3      | Succumbed to an adder's poison

Illustrated notes

Levels and vault maps discovered:
D:1:      dpeg_arrival_long_road, layout_basic, minmay_split_cup_large
D:2:      layout_basic
D:3:      layout_basic

Skill      XL: |  1  2  3  4 |
---------------+-------------+-----
Armour         | 1 |  1.9
Dodging        | 2 |  2.3
Throwing       | 1 |  1.3
Maces & Flails | 3 |  3.3
Fighting       | |  2.6
Spellcasting   | |  2.3
Translocations | |  3.2

Action                   |  1- 3 |  4- 6 || total
-------------------------+-------+-------++-------
Melee: Mace              |   127 |    81 ||   208
       Tailslap          |     4 |    11 ||    15
Throw: Stone             |    62 |       ||    62
       Boomerang         |    20 |     9 ||    29
 Cast: Blink             |       |     3 ||     3
 Abil: Rolling Charge    |       |     4 ||     4
  Use: Potion            |       |     3 ||     3
Armor: Leather armour    |    57 |    36 ||    93
Dodge: Dodged            |    67 |    60 ||   127
Block: Buckler           |       |     2 ||     2

Table legend: (Time is in decaauts)
 A = Elapsed time spent in this place.
 B = Non-inter-level travel time spent in this place.
 C = Inter-level travel time spent in this place.
 D = Time resting spent in this place.
 E = Time spent auto-exploring this place.
 F = Levels seen in this place.
 G = Mean time per level.
                   A        B        C        D        E       F      G
               +--------+--------+--------+--------+--------+-----+--------+
         Total |   4300 |   4237 |     63 |   1550 |   1988 |   3 | 1433.3 |
       Dungeon |   4300 |   4237 |     63 |   1550 |   1988 |   3 | 1433.3 |
               +--------+--------+--------+--------+--------+-----+--------+

Top non-repeatable levels by time:
     D:2: 2624 daAuts
     D:1: 1128 daAuts
     D:3: 547 daAuts
